 Dungeon Crawl Stone Soup version 0.14-a0-1413-g94b8a5e (webtiles) character file.

256 PolkaDot the Skirmisher (level 4, 0/38 HPs)
             Began as a Vampire Death Knight on Dec 11, 2013.
             Was a Believer of Yredelemnul.
             Slain by a scorpion (2 damage)
             ... on Level 4 of the Dungeon.
             The game lasted 00:13:40 (2976 turns).

PolkaDot the Skirmisher (Vampire Death Knight)      Turns: 2976, Time: 00:13:41

HP   0/38        AC  4     Str 12      XL: 4   Next: 48%
MP   0/5         EV 10     Int 13      God: Yredelemnul [**....]
Gold 155         SH  0     Dex 14      Spells:  0 memorised,  3 levels left

rFire  . . .     SeeInvis +     a - +1 short sword
rCold  . . .     Clarity  .     b - +0 leather armour
rNeg   + . .     Conserve .     (no shield)
rPois  .         rCorr    .     (no helmet)
rElec  .         rRot     .     (no cloak)
SustAb . .       Spirit   +     d - +0 pair of dwarf gloves
rMut   .         Warding  .     (no boots)
Saprov . . .     Stasis   .     t - amulet of guardian spirit
                                (no ring)
                                (no ring)

@: mildly poisoned, slightly resistant to hostile enchantments, unstealthy
A: fangs 3, see invisible, unbreathing
a: Bat Form, Animate Remains, Recall Undead Slaves, Injury Mirror, Renounce
Religion


You were on level 4 of the Dungeon.
You worshipped Yredelemnul.
Yredelemnul was pleased with you.
You were not thirsty.

You visited 1 branch of the dungeon, and saw 4 of its levels.

You collected 155 gold pieces.

Inventory:

Hand weapons
 a - a +1,+1 short sword (weapon)
Armour
 b - a +0 leather armour (worn)
 d - a +0 pair of dwarven gloves (worn)
Magical devices
 r - a wand of fire (8)
Scrolls
 f - a scroll of curse jewellery {unknown}
 g - a scroll of amnesia {unknown}
 h - a scroll of remove curse {unknown}
 j - a scroll of identify {unknown}
 k - 3 scrolls of enchant weapon I {unknown}
 p - a scroll of blinking {unknown}
 q - a scroll of curse armour {unknown}
 s - a scroll of random uselessness {unknown}
 u - a scroll of recharging {unknown}
Jewellery
 t - an amulet of guardian spirit (around neck)
Books
 m - a book of Necromancy

   Spells                             Type                      Level
   Pain                               Necromancy                   1
   Animate Skeleton                   Necromancy                   1
   Lethal Infusion                    Charms/Necromancy            2
   Vampiric Draining                  Necromancy                   3
   Regeneration                       Charms/Necromancy            3
   Animate Dead                       Necromancy                   4
   Control Undead                     Necromancy                   4
 o - a Necronomicon {highlevel}

   This book is beyond your current level of understanding.

   Spells                             Type                      Level
   Haunt                              Necromancy/Summoning         7
   Borgnjor's Revivification          Necromancy                   8
   Death's Door                       Charms/Necromancy            8
   Necromutation                      Transmutation/Necromancy     8


   Skills:
 * Level 4.3 Fighting
 - Level 2.1 Short Blades
 - Level 0.7 Armour
 - Level 1.1 Dodging
 - Level 2.4 Invocations


You had 3 spell levels left.
You didn't know any spells.

Dungeon Overview and Level Annotations

Branches:
Dungeon (4/16)
 Temple: D:4-7

Altars:

Annotations:
D:3 Grinder


Innate Abilities, Weirdness & Mutations

You have razor-sharp teeth.*
You have supernaturally acute eyesight.
You can survive without breathing.*


Message History

You hit the scorpion but do no damage.
The scorpion is lightly wounded.
* * * LOW HITPOINT WARNING * * *
You feel sick. The scorpion barely misses you.
You hit the scorpion.
The scorpion is moderately wounded.
* * * LOW HITPOINT WARNING * * *
You feel sick.
The scorpion stings you but does no damage.
You hit the scorpion.
The scorpion is heavily wounded.
The scorpion stings you.
* * * LOW HITPOINT WARNING * * *
You hit the scorpion.
The scorpion is heavily wounded.
* * * LOW HITPOINT WARNING * * *
You feel sick. The scorpion stings you.
* * * LOW MAGIC WARNING * * *
You die...
Yredelemnul claims you as an undead slave.

## # .. ...
###+### .##.###
.......#....[.#
...............
#................
######+###..##....
........@s.......#
........##..##...#
....... .........
######. ..###.# #
#....# # .....+
#....# #. ... . .


You could see a scorpion.

Vanquished Creatures
  Ijyb (D:2)
  3 adders
  A worm (D:2)
  A giant gecko (D:2)
  10 goblins
  5 hobgoblins
  14 jackals
  5 kobolds
  A quokka (D:2)
  A giant cockroach (D:2)
  3 giant newts
  7 rats
52 creatures vanquished.

Vanquished Creatures (collateral kills)
  A bat (D:3)
  A giant newt (D:2)
2 creatures vanquished.

Vanquished Creatures (others)
  A worm zombie (D:2)
  A goblin zombie (D:2)
  A giant cockroach zombie (D:2)
  A hobgoblin zombie (D:3)
  3 kobold zombies
  A rat skeleton (D:3)
8 creatures vanquished.

Grand Total: 62 creatures vanquished

Notes
Turn   | Place    | Note
--------------------------------------------------------------
     0 | D:1      | PolkaDot, the Vampire Death Knight, began the quest for the Orb.
     0 | D:1      | Reached XP level 1. HP: 16/16 MP: 1/1
   561 | D:1      | Reached XP level 2. HP: 8/23 MP: 2/2
  1298 | D:1      | Reached skill level 3 in Fighting
  1375 | D:2      | Noticed Ijyb
  1423 | D:2      | Killed Ijyb
  1423 | D:2      | Reached XP level 3. HP: 29/29 MP: 4/4
  1492 | D:2      | Acquired Yredelemnul's second power
  1843 | D:2      | Your ally Ijyb died
  2319 | D:3      | Reached XP level 4. HP: 34/37 MP: 2/5
  2360 | D:3      | Reached skill level 4 in Fighting
  2618 | D:3      | Noticed Grinder
  2655 | D:3      | Paralysed by Grinder for 4 turns
  2667 | D:3      | Paralysed by Grinder for 5 turns
  2676 | D:3      | Paralysed by Grinder for 7 turns
  2686 | D:3      | HP: 1/37 [poisoned by an adder]
  2976 | D:4      | Slain by a scorpion

Action                   |  1- 3 |  4- 6 || total
-------------------------+-------+-------++-------
Melee: Short sword       |   159 |    64 ||   223
Invok: Animate Remains   |     7 |     1 ||     8
       Recall Undead Sla |     1 |     1 ||     2
Evoke: Wand              |       |     1 ||     1
  Use: Potion            |     3 |     4 ||     7
       Scroll            |       |     3 ||     3
